 Dungeon Crawl Stone Soup version 0.28-a0-247-gb8bfbab023 (webtiles) character file.

Game seed: 8842976012453985284

10 speeev33 the Skirmisher (level 2, -2/27 HPs)
             Began as a Hill Orc Fighter on Aug 25, 2021.
             Slain by an adder (3 damage)
             ... on level 2 of the Dungeon.
             The game lasted 00:01:23 (1115 turns).

speeev33 the Skirmisher (Hill Orc Fighter)          Turns: 1115, Time: 00:01:24

Health: -2/27      AC:  6    Str: 18    XL:     2   Next: 20%
Magic:  2/2        EV:  7    Int:  8    God:
Gold:   38         SH:  8    Dex: 10    Spells: 1/1 levels left

rFire   . . .      SeeInvis .   a - +0 war axe
rCold   . . .      Faith    .   c - +0 kite shield
rNeg    . . .      Spirit   .   b - +0 scale mail
rPois   .          Reflect  .   (no helmet)
rElec   .          Harm     .   (no cloak)
rCorr   .          Rampage  .   (no gloves)
Will    .....                   (no boots)
Stlth   ..........              (no amulet)
HPRegen 0.09/turn               (no ring)
MPRegen 0.08/turn               (no ring)

@: lethally poisoned (-2 -> -6)
A: no striking features
a: no special abilities


You were on level 2 of the Dungeon.
You visited 1 branch of the dungeon, and saw 2 of its levels.

You collected 38 gold pieces.

Inventory:

Hand Weapons
 a - a +0 war axe (weapon)
Armour
 b - a +0 scale mail (worn)
 c - a +0 kite shield (worn)
Scrolls
 e - a scroll of teleportation {unknown}
Potions
 d - a potion of might
 f - 2 potions of mutation {unknown}
 g - 2 potions of curing {unknown}
 h - a potion of attraction {unknown}


   Skills:
 + Level 4.0 Fighting
 + Level 3.3 Axes
 - Level 3.2 Armour
 - Level 3.2 Shields


You had one spell level left.
You didn't know any spells.
Your spell library contained the following spells:

 Spells                   Type           Power      Damage    Failure   Level
 Freeze                   Ice            0%         1d3       99%         1
 Frozen Ramparts          Ice            0%         1d2       100%        3
 Hailstorm                Conj/Ice       0%         3d3       100%        4


Dungeon Overview and Level Annotations

Branches:
Dungeon (2/15)

Altars:


Message History

You are too injured to fight recklessly!
You are too injured to fight recklessly!
You are too injured to fight recklessly!
You are too injured to fight recklessly!
You are too injured to fight recklessly!
You are too injured to fight recklessly!
You are too injured to fight recklessly!
You closely miss the adder.
The adder is moderately wounded.
The adder bites you but does no damage. The adder bites you.
You barely miss the adder.
The adder is moderately wounded.
The adder bites you.
You are poisoned.
The adder poisons you! The adder barely misses you.
You closely miss the adder.
The adder is moderately wounded.
You feel sick. The adder closely misses you.
The adder bites you but does no damage.
Your scale mail prevents you from hitting the adder.
The adder is moderately wounded.
You feel sick. You block the adder's attack. The adder barely misses you.
You hit the adder.
The adder is heavily wounded.
You feel sick.
You are no longer poisoned.
The adder bites you.
* * * LOW HITPOINT WARNING * * *
You are lethally poisoned!
The adder poisons you! You block the adder's attack.
You barely miss the adder.
The adder is moderately wounded.
* * * LOW HITPOINT WARNING * * *
You feel very sick. You block the adder's attack. The adder barely misses you.
You closely miss the adder.
The adder is moderately wounded.
* * * LOW HITPOINT WARNING * * *
You feel sick. The adder bites you.
You die...

>. ... ... #.#
#.# #.# ##.##
##.###<..######
#......@......#
#..###..S####.#
# ....## ####.#
#.# #.# #.. ###


You could see an adder.

Vanquished Creatures
  3 bats (D:1)
  2 endoplasms (D:1)
  A giant cockroach (D:1)
  A hobgoblin (D:1)
  2 ball pythons (D:1)
  A rat (D:1)
10 creatures vanquished.

Notes
Turn   | Place    | Note
-------+----------+-------------------------------------------
     0 | D:1      | speeev33 the Hill Orc Fighter began the quest for the Orb.
     0 | D:1      | Reached XP level 1. HP: 19/19 MP: 1/1
   664 | D:1      | Reached skill level 4 in Fighting
   664 | D:1      | Reached XP level 2. HP: 21/27 MP: 2/2
   816 | D:1      | Found a faded altar of an unknown god.
  1114 | D:2      | HP: 1/27 [poisoned by an adder]
  1115 | D:2      | Slain by an adder

Illustrated notes

Levels and vault maps discovered:
D:1:      dpeg_arrival_refuge, layout_basic,
          shapermc_ecumenical_altar_mp_highgroup, roderic_serpentine_path,
          amcnicky_mini_pool_small
D:2:      layout_loops_ring, minmay_fractal_squares_gapless_5, uniq_natasha

Skill      XL: |  1 |
---------------+----+-----
Axes           | 3 |  3.3
Fighting       | 4 |  4.0
Armour         | |  3.2
Shields        | |  3.2

Action                   || total
-------------------------++-------
Melee: War axe           ||    66
Armor: Scale mail        ||    46
Dodge: Dodged            ||    39
Block: Kite shield       ||    39

Table legend: (Time is in decaauts)
 A = Elapsed time spent in this place.
 B = Non-inter-level travel time spent in this place.
 C = Inter-level travel time spent in this place.
 D = Time resting spent in this place.
 E = Time spent auto-exploring this place.
 F = Levels seen in this place.
 G = Mean time per level.
                   A        B        C        D        E       F      G
               +--------+--------+--------+--------+--------+-----+--------+
         Total |   1152 |   1118 |     34 |    179 |    761 |   2 |  576.0 |
       Dungeon |   1152 |   1118 |     34 |    179 |    761 |   2 |  576.0 |
               +--------+--------+--------+--------+--------+-----+--------+

Top non-repeatable levels by time:
     D:1: 1105 daAuts
     D:2: 47 daAuts
